 Dungeon Crawl Stone Soup version 0.31.0-12-g77e489cdc1 (webtiles) character file.

Game seed: 3085742568202577677

520 Mirun the Ducker (level 7, -5/58 HPs)
             Began as a Minotaur Gladiator on Feb 25, 2024.
             Was a Priest of Okawaru.
             Succumbed to their own poison gas
             ... on level 4 of the Dungeon.
             The game lasted 00:19:59 (1115 turns).

Mirun the Ducker (Minotaur Gladiator)               Turns: 1115, Time: 00:20:00

Health: -5/58      AC:  6    Str: 21    XL:     7   Next: 1%
Magic:  6/6        EV: 13    Int:  5    God:    Okawaru [***...]
Gold:   174        SH:  0    Dex: 11    Spells: 6/6 levels left

rFire   + . .        n - +2 spear (heavy)
rCold   + . .        h - orb {light}
rNeg    + . .        i - +0 leather armour {rN+}
rPois   .            c - +0 hat
rElec   .            m - +2 cloak
rCorr   .            (no gloves)
SInv    .            (no boots)
Will    .....        b - amulet of magic regeneration
Stlth   +            k - ring of protection from fire
HPRegen 0.29/turn    r - ring of protection from cold
MPRegen 0.50/turn

%: no passive effects
@: lethally poisoned (-5 -> -45), glowing
A: horns 2, retaliatory headbutt
a: Renounce Religion, Heroism


You were on level 4 of the Dungeon.
You worshipped Okawaru.
Okawaru was most pleased with you.
You visited 1 branch of the dungeon, and saw 4 of its levels.

You collected 174 gold pieces.

Inventory:

Hand Weapons
 a - a +0 flail
 g - a +0 spear
 n - a +2 heavy spear (weapon)
 q - a +0 scythe of freezing
 u - a +0 whip
Missiles
 d - 3 throwing nets
 e - a javelin (quivered)
 j - 24 stones
 v - 2 boomerangs
Armour
 c - a +0 hat (worn)
 h - an orb of light (worn)
 i - a +0 leather armour of positive energy (worn)
 m - a +2 cloak (worn)
 s - a +0 buckler
 t - a +0 ring mail
Jewellery
 b - an amulet of magic regeneration (around neck)
 k - a ring of protection from fire (left hand)
 r - a ring of protection from cold (right hand)
Talismans
 o - a flux talisman
Potions
 f - a potion of mutation {unknown}
 l - 2 potions of curing {unknown}


   Skills:
 + Level 3.8 Fighting
 + Level 5.6 Maces & Flails
 + Level 2.6 Polearms
 + Level 2.6 Throwing
 + Level 2.3 Armour
 + Level 5.8 Dodging
 + Level 1.0 Unarmed Combat


You had 6 spell levels left.
You didn't know any spells.
Your spell library contained the following spells:

 Spells                   Type           Power      Damage    Failure   Level
 Shock                    Conj/Air       0%         1d3       52%         1
 Fulminant Prism          Conj/Alch      0%         3d5       99%         4
 Petrify                  Alch/Erth      0%         N/A       99%         4


Dungeon Overview and Level Annotations

Branches:
Dungeon (4/15)
 Temple: D:4-7

Altars:
Hepliaklqana
Makhleb
Okawaru
Sif Muna
Yredelemnul


Innate Abilities, Weirdness & Mutations

You have a pair of horns on your head.
You reflexively headbutt those who attack you in melee.


Message History

Okawaru accepts your kill.
You have reached level 7!
Found a shimmering blue altar of Sif Muna.
Found a hazy altar of Hepliaklqana.
The dart slug launches a dart at you. The slug dart misses you.
You hit the dart slug.
The dart slug is heavily wounded.
The dart slug launches a dart at you. The slug dart hits you.
You hit the dart slug.
You kill the dart slug!
Okawaru accepts your kill.
You are no longer corroded.
A quokka comes into view.
Found a burning altar of Makhleb.
You see here a scroll labelled RYBBOX JENAE.
The air fills with toxic fumes!
As you read the scroll labelled RYBBOX JENAE, it crumbles to dust.
It was a scroll of poison.
Sorry, I don't know how to get there.
Okay, then.
You start putting on your amulet.
You continue putting on your amulet of magic regeneration. x5
You finish putting on your amulet of magic regeneration.
b - an amulet of magic regeneration (around neck)
r - a ring of protection from cold (right hand)
You drop a potion of degeneration.
Sorry, I don't know how to get there.
Sorry, I don't know how to get there.
You are engulfed in poison gas.
You are poisoned.
You feel very sick.
You are engulfed in poison gas.
You are lethally poisoned!
* * * LOW HITPOINT WARNING * * *
x2 You feel very sick.
Found a basalt altar of Yredelemnul.
You are engulfed in poison gas.
You are more poisoned.
* * * LOW HITPOINT WARNING * * *
You die...

##§# ##.§.## #
#.○#..# ..
#####☼###§# ##..#
#§°○☼§○§§☼# #...#
#§!°§§○○☼°###..#
#°☼§°☼§☼§§.....####
#§☼§☼°○§○§.<......#
###@###○§°......#..
#_.○§r#...#####<.#
#..○..###..# ...
##.°☼## ##.# #
..§☼○ #.# #_.#._#
#..##### ### ###
#.....# #####.#


You could see a quokka.

Vanquished Creatures
  Sigmund (D:2)
  A phantom (D:4)
  A scorpion (D:2)
  A jelly (D:4)
  Jessica (D:2)
  Natasha (D:2)
  An orc wizard (D:3)
  A gnoll (D:1)
  7 adders
  3 dart slugs
  2 orcs (D:3)
  2 ball pythons
  5 endoplasms
  A giant cockroach (D:2)
  5 goblins
  A hobgoblin (D:3)
  4 kobolds
  2 quokkas (D:2)
  3 bats
  5 rats
48 creatures vanquished.

Notes
Turn   | Place    | Note
-------+----------+-------------------------------------------
     0 | D:1      | Mirun the Minotaur Gladiator began the quest for the Orb.
     0 | D:1      | Reached XP level 1. HP: 18/18 MP: 0/0
   116 | D:1      | Found a faded altar of an unknown god.
   131 | D:1      | Prayed at the altar of an unknown god.
   131 | D:1      | Became a worshipper of Warmaster Okawaru
   131 | D:1      | Reached * piety under Okawaru
   184 | D:1      | Reached XP level 2. HP: 24/25 MP: 1/1
   567 | D:2      | Noticed Sigmund
   572 | D:2      | Reached XP level 3. HP: 30/30 MP: 2/2
   574 | D:2      | Killed Sigmund
   574 | D:2      | Reached ** piety under Okawaru
   575 | D:2      | Reached skill level 5 in Maces & Flails
   575 | D:2      | Reached skill level 1 in Armour
   575 | D:2      | Reached XP level 4. HP: 37/38 MP: 3/3
   575 | D:2      | Reached XP level 5. HP: 44/45 MP: 4/4
   587 | D:2      | Reached skill level 5 in Dodging
   587 | D:2      | Reached skill level 1 in Unarmed Combat
   609 | D:2      | Reached XP level 6. HP: 27/51 MP: 5/5
   664 | D:2      | Got the Teachings on the Changed Storm
   749 | D:2      | Noticed Jessica
   754 | D:2      | Killed Jessica
   755 | D:2      | Reached skill level 1 in Polearms
   851 | D:2      | Noticed Natasha
   855 | D:2      | Killed Natasha
   855 | D:2      | Reached *** piety under Okawaru
  1096 | D:4      | Reached XP level 7. HP: 24/58 MP: 6/6
  1098 | D:4      | Found a shimmering blue altar of Sif Muna.
  1099 | D:4      | Found a hazy altar of Hepliaklqana.
  1103 | D:4      | Found a burning altar of Makhleb.
  1115 | D:4      | Found a basalt altar of Yredelemnul.
  1115 | D:4      | Succumbed to their own poison gas

Illustrated notes

Levels and vault maps discovered:
D:1:      lightli_arrival_farm, layout_loops_ring, basic_ecumenical_altar,
          minmay_small_reverse_x
D:2:      layout_loops_ring, glass_columns_c, uniq_sigmund, uniq_natasha,
          uniq_jessica
D:3:      minmay_skewed_foursquare, layout_basic
D:4:      layout_rooms, mainiacjoe_overflow_alcove_3, portal_sewer_entry_a,
          uniq_grinder

Skill      XL: |  1  2  3  4  5  6 |
---------------+-------------------+-----
Maces & Flails | 4 5 |  5.6
Dodging        | 4 5 |  5.8
Fighting       | 3 |  3.8
Armour         | 1 2 |  2.3
Unarmed Combat | 1 |  1.0
Polearms       | 2 |  2.6
Throwing       | |  2.6

Action                     |  1- 3 |  4- 6 |  7- 9 || total
---------------------------+-------+-------+-------++-------
  Melee: Flail             |     8 |       |       ||     8
         Headbutt          |     6 |    10 |       ||    16
         Unarmed           |    15 |       |       ||    15
         Spear             |    12 |    53 |     2 ||    67
    Use: Scroll            |     1 |     3 |     1 ||     5
 Armour: Leather armour    |    13 |    36 |     1 ||    50
         Skin              |     5 |       |       ||     5
  Dodge: Dodged            |    25 |    44 |     1 ||    70
         Form:             |     1 |       |       ||     1
         Flux              |     1 |       |       ||     1
